 Dungeon Crawl Stone Soup version 0.31-a0-1467-g53b6572822 (webtiles) character file.

Game seed: 8667296743296981487

4316 fold the Grappler (level 10, -8/100 HPs)
             Began as a Troll Fighter on Dec 28, 2023.
             Was an Elder of Makhleb.
             Killed from afar by a green death (24 damage)
             ... with a bolt of poison
             ... summoned by the player character
             ... on level 9 of the Dungeon.
             The game lasted 00:15:33 (7698 turns).

fold the Grappler (Troll Fighter)                   Turns: 7698, Time: 00:15:33

Health: -8/100     AC:  4    Str: 28    XL:     10   Next: 11%
Magic:  0/12       EV:  9    Int: 10    God:    Makhleb [****..]
Gold:   271        SH:  9    Dex: 11    Spells: 9/9 levels left

rFire   . .          .
                       - Unarmed
rCold   . . .        b - +0 kite shield
rNeg    . . .        a - +0 robe
rPois   .            (helmet restricted)
rElec   .            (no cloak)
rCorr   +            (gloves unavailable)
SInv    .            (boots unavailable)
Will    .....        i - amulet of guardian spirit
Stlth   +            j - +6 ring of intelligence
HPRegen 1.16/turn    l - ring of resist corrosion
MPRegen 0.13/turn

%: guardian spirit
@: lethally poisoned (-8 -> -18)
A: large, unfitting armour, claws 3, regeneration 1, shaggy fur 1, tough skin 1
a: Renounce Religion, Minor Destruction, Lesser Servant of Makhleb, Major
Destruction


You were on level 9 of the Dungeon.
You worshipped Makhleb.
Makhleb was greatly pleased with you.
You visited 1 branch of the dungeon, and saw 10 of its levels.
You also visited: Sewer.

You collected 518 gold pieces.
You spent 247 gold pieces at shops.

Inventory:

Missiles
 e - 93 stones (quivered)
Armour
 a - a +0 robe (worn)
 b - a +0 kite shield (worn)
Jewellery
 i - an amulet of guardian spirit (around neck)
 j - a +6 ring of intelligence (left claw)
 l - a ring of resist corrosion (right claw)
 m - a ring of flight
 A - a +6 ring of intelligence
Wands
 d - a wand of roots (2)
 h - a wand of charming (5)
 s - a wand of flame (25)
 x - a wand of polymorph (5)
Scrolls
 k - 2 scrolls of revelation
 o - a scroll of fog
 t - a scroll of summoning
 u - a scroll of enchant weapon
Potions
 c - 3 potions of might
 f - a potion of attraction
 g - 3 potions of enlightenment
 p - 2 potions of resistance
 q - 4 potions of curing
 r - 2 potions of ambrosia
 v - 2 potions of lignification
 z - 3 potions of mutation
 B - a potion of cancellation {unknown}


   Skills:
 - Level 6.6 Fighting
 - Level 2.4 Dodging
 + Level 6.6 Shields
 + Level 10.1 Unarmed Combat
 - Level 4.1 Invocations


You had 9 spell levels left.
You didn't know any spells.
Your spell library contained the following spells:

 Spells                   Type           Power      Damage    Failure   Level
 Magic Dart               Conj           0%         1d3       56%         1
 Blink                    Tloc           0%         N/A       71%         2
 Call Imp                 Summ           0%         N/A       71%         2
 Call Canine Familiar     Summ           0%         N/A       90%         3
 Frozen Ramparts          Ice            0%         1d1       90%         3
 Passwall                 Erth           0%         N/A       90%         3
 Sigil of Binding         Hex            0%         N/A       90%         3
 Summon Ice Beast         Ice/Summ       0%         N/A       90%         3
 Animate Armour           Summ/Erth      0%         N/A       100%        4
 Brom's Barrelling Bould  Conj/Erth      0%         2d3       100%        4
 Dimensional Bullseye     Hex/Tloc       0%         N/A       100%        4
 Summon Lightning Spire   Summ/Air       0%         N/A       100%        4
 Lee's Rapid Deconstruct  Erth           0%         3d4*      100%        5
 Summon Mana Viper        Hex/Summ       0%         N/A       100%        5
 Monstrous Menagerie      Summ           0%         N/A       100%        7


Dungeon Overview and Level Annotations

Branches:
Dungeon (10/15)            Temple (0/1) D:5            Lair (0/5) D:9
  Sewer (visited)
    Orc: D:9-12

Altars:
Cheibriados
Dithmenos
Kikubaaqudgha
Makhleb
Qazlal
Ru
Trog
Wu Jian
Yredelemnul
The Shining One

Shops:
D:5 !(   D:7 =   D:8 *

Annotations:
D:3 2 transporters, Raspi's ghost, amateur DrSh


Innate Abilities, Weirdness & Mutations

You are too large for most types of armour.
You have claws for hands.
Your natural rate of healing is unusually fast.
You are covered in fur. (AC +1)
You have tough skin. (AC +1)


Message History

Unknown command.
You hear some strange, mumbled words.
You are confused.
Unknown command.
Unknown command.
You feel better. Something hits you.
* * * LOW HITPOINT WARNING * * *
Something bites you!
* * * LOW HITPOINT WARNING * * *
Something draws strength from your injuries!
Unknown command.
Unknown command.
Unknown command.
Something completely misses you. You block something's attack.
A demon appears!
It doesn't seem very happy.
You can no longer summon a greater servant of Makhleb.
Unknown command.
Unknown command.
Unknown command.
The green death attacks as it pursues you!
The green death hits you!
* * * LOW HITPOINT WARNING * * *
Unknown command.
Unknown command.
Unknown command.
Found a potion of lignification.
Unknown command.
Unknown command.
The green death attacks as it pursues you!
The green death barely misses you.
Unknown command.
The green death attacks as it pursues you!
The green death hits you.
* * * LOW HITPOINT WARNING * * *
The green death gestures at you. The bolt of poison hits you!!
You are poisoned.
You die...

#.####### #.# #.####
#....#### #.##)...#
#.###...# . ### #.#
#._.# #....
.###########.###.###...#
......
...!...@2..........#####
#..#.+#
###.########.#.#.####p##
..#.... #..........#.#
##### .#.....
#.##.......#.# #####
#..#...
#.##.......#.####...
).#...?
#.#.##.......#.##...##
.#.....
#.#.##.......#....#.#
#..#.#
#.#.##..........###.#
..#..# #.#.##......._.##
#.#


You could see a green death (summoned).

Vanquished Creatures
  A troll (D:6)
  Sigmund (D:4)
  A shadow (D:9)
  A steam dragon (D:8)
  3 water moccasins
  An acid dragon (D:9)
  2 black bears
  An orc warrior (D:7)
  2 ogres
  5 centaurs
  2 phantoms (D:6)
  3 kobold brigands
  A bullfrog (D:7)
  A scorpion (D:5)
  A burial acolyte (D:9)
  9 wights (D:8)
  5 killer bees (D:9)
  7 howler monkeys
  A bombardier beetle (D:6)
  A centaur zombie (D:9)
  A quasit (D:6)
  5 hounds
  2 orc priests (D:4)
  An iguana (D:4)
  10 orc wizards
  7 gnolls
  7 adders
  5 river rats
  A white imp (D:5)
  2 worms
  3 dart slugs
  25 orcs
  7 bats
  12 endoplasms
  4 giant cockroaches
  7 goblins
  6 hobgoblins
  10 jackals
  3 quokkas
  3 ball pythons
  4 frilled lizards
  16 kobolds
  13 rats
203 creatures vanquished.

Vanquished Creatures (others)
  A human (D:9)
1 creature vanquished.

Grand Total: 204 creatures vanquished

Notes
Turn   | Place    | Note
-------+----------+-------------------------------------------
     0 | D:1      | fold the Troll Fighter began the quest for the Orb.
     0 | D:1      | Reached XP level 1. HP: 22/22 MP: 0/0
     6 | D:1      | Noticed a hog
     6 | D:1      | Noticed an iguana
     6 | D:1      | Noticed a rime drake
     7 | D:1      | Noticed a black bear
     7 | D:1      | Noticed a redback
    49 | D:1      | Found a faded altar of an unknown god.
    86 | D:1      | Reached XP level 2. HP: 29/29 MP: 1/1
   223 | D:1      | Prayed at the altar of an unknown god.
   223 | D:1      | Became a worshipper of Makhleb the Destroyer
   223 | D:1      | Reached * piety under Makhleb
   243 | D:1      | Reached skill level 3 in Unarmed Combat
   401 | D:1      | Reached XP level 3. HP: 36/36 MP: 2/2
   991 | D:2      | Reached ** piety under Makhleb
   992 | D:2      | Reached skill level 4 in Unarmed Combat
  1283 | D:2      | Reached XP level 4. HP: 44/44 MP: 3/3
  1362 | D:2      | Found a bloodstained altar of Trog.
  1759 | D:3      | Noticed Raspi's ghost (amateur DrSh)
  1910 | D:3      | Found a transporter.
  1917 | D:3      | Found a transporter.
  2280 | D:3      | Reached skill level 5 in Unarmed Combat
  2352 | D:3      | Found a glowing golden altar of the Shining One.
  2567 | D:4      | Reached XP level 5. HP: 50/50 MP: 2/4
  2663 | D:4      | Reached skill level 1 in Invocations
  2817 | D:4      | Noticed an ogre
  2824 | D:4      | Killed an ogre
  2825 | D:4      | Reached XP level 6. HP: 61/61 MP: 6/6
  2869 | D:4      | Noticed Sigmund
  2898 | D:5      | Entered Level 5 of the Dungeon
  3062 | D:4      | Found a glowing drain.
  3070 | Sewer    | Entered a sewer
  3081 | Sewer    | Reached *** piety under Makhleb
  3154 | Sewer    | Found a glowing silver altar of Zin.
  3397 | D:4      | Killed Sigmund
  3398 | D:4      | Reached XP level 7. HP: 71/71 MP: 6/8
  3731 | D:5      | Found Veetif's Distillery.
  3737 | D:5      | Bought a potion of heal wounds for 65 gold pieces
  3737 | D:5      | Bought a potion of might for 52 gold pieces
  3737 | D:5      | Bought a potion of haste for 130 gold pieces
  3911 | D:5      | Reached skill level 5 in Fighting
  3986 | D:5      | Found a stormy altar of Qazlal.
  4139 | D:5      | Reached skill level 6 in Unarmed Combat
  4139 | D:5      | Reached XP level 8. HP: 81/81 MP: 10/10
  4172 | D:5      | Found a staircase to the Ecumenical Temple.
  4234 | D:5      | Found Xaqos's Weapon Shoppe.
  4421 | D:6      | Noticed a troll
  4434 | D:6      | Killed a troll
  4568 | D:6      | Reached skill level 7 in Unarmed Combat
  4624 | D:6      | Found an ornate altar of the Wu Jian Council.
  4625 | D:6      | Found a shadowy altar of Dithmenos.
  4695 | D:6      | Noticed Grinder
  4698 | D:6      | Grinder changed into Grinder the quasit
  4698 | D:6      | Noticed Grinder
  4704 | D:6      | Killed Grinder the quasit
  5153 | D:6      | Found a basalt altar of Yredelemnul.
  5155 | D:6      | Found a sacrificial altar of Ru.
  5392 | D:7      | Reached XP level 9. HP: 92/92 MP: 11/11
  5405 | D:7      | Reached **** piety under Makhleb
  5430 | D:7      | Reached skill level 8 in Unarmed Combat
  5530 | D:7      | Found a snail-covered altar of Cheibriados.
  5624 | D:7      | Found Raudolux's Jewellery Shoppe.
  5986 | D:7      | Got Lizidaip's Compendium of Algor and Bedrock
  6391 | D:8      | You fall into a shaft and drop 2 floors!
  6391 | D:10     | Entered Level 10 of the Dungeon
  6484 | D:9      | Found a staircase to the Lair.
  6524 | D:9      | Reached skill level 5 in Shields
  6524 | D:9      | Reached skill level 9 in Unarmed Combat
  6813 | D:8      | Found Arphot's Assorted Antiques.
  7054 | D:8      | Reached ***** piety under Makhleb
  7055 | D:8      | Reached XP level 10. HP: 82/100 MP: 8/12
  7068 | D:8      | Noticed a rakshasa
  7401 | D:9      | Found a burning altar of Makhleb.
  7421 | D:9      | Reached skill level 10 in Unarmed Combat
  7469 | D:9      | Identified the +6 whip of Cataclysm {freeze, Will+ Stlth+}
  7587 | D:9      | Found an ancient bone altar of Kikubaaqudgha.
  7689 | D:9      | Noticed a green death
  7698 | D:9      | Killed from afar by a green death

Illustrated notes

Levels and vault maps discovered:
D:1:      onia_arrival_zoo_common, layout_basic, nicolae_ecumenical_lake_church,
          minmay_unequal
D:2:      kb_forest_paths, layout_basic, basic_altar
D:3:      layout_basic, tso_metal_star, gammafunk_ghost_arena
D:4:      layout_loops_ring, lightli_sewer_entry_pipes, sigmund_army
D:5:      layout_rooms, mainiacjoe_overflow_catwalk, minmay_temple_entry_trees,
          serial_shops, shop, shop
D:6:      layout_loops_ring, nicolae_overflow_hidden_temple, uniq_grinder
D:7:      layout_layer_cave, kennysheep_slug_shrine, serial_shops, shop,
          minmay_misc_feat_plants
D:8:      layout_cave_pools, serial_shops, shop, minmay_microvault
D:9:      layout_basic, bloody_makhleb, tgw_kikubaaqudgha, lair_entry_dummy,
          minmay_misc_feat_diagonals, dk_noncrumbling_2
D:10:     layout_loops_ring, nicolae_gozag_cash_rules_everything_around_me

Skill      XL: |  1  2  3  4  5  6  7  8  9 10 |
---------------+-------------------------------+-----
Unarmed Combat | 3 4 5 6 7 9 10 | 10.1
Invocations    | 2 3 4 |  4.1
Fighting       | 3 4 5 6 |  6.6
Shields        | 3 6 |  6.6
Dodging        | |  2.4

Action                     |  1- 3 |  4- 6 |  7- 9 | 10-12 || total
---------------------------+-------+-------+-------+-------++-------
  Melee: Unarmed           |   100 |   159 |   303 |    63 ||   625
  Throw: Stone             |       |     6 |     4 |       ||    10
         Throwing net      |       |     1 |       |       ||     1
 Invoke: Greater Servant o |       |       |       |     1 ||     1
  Evoke: Wand              |       |       |     3 |     1 ||     4
    Use: Scroll            |       |     6 |     9 |     3 ||    18
         Potion            |       |     1 |     3 |     4 ||     8
   Stab: Sleeping          |       |     1 |       |       ||     1
 Armour: Robe              |    41 |    84 |   220 |    66 ||   411
  Dodge: Dodged            |    34 |    49 |   111 |    29 ||   223
  Block: Kite shield       |    39 |    57 |   141 |    38 ||   275

Table legend: (Time is in decaauts)
 A = Elapsed time spent in this place.
 B = Non-inter-level travel time spent in this place.
 C = Inter-level travel time spent in this place.
 D = Time resting spent in this place.
 E = Time spent auto-exploring this place.
 F = Levels seen in this place.
 G = Mean time per level.
                   A        B        C        D        E       F      G
               +--------+--------+--------+--------+--------+-----+--------+
         Total |   7683 |   7472 |    211 |    917 |   4705 |  11 |  698.5 |
       Dungeon |   7521 |   7310 |    211 |    910 |   4591 |  10 |  752.1 |
         Sewer |    162 |    162 |      0 |      7 |    114 |   1 |  162.0 |
               +--------+--------+--------+--------+--------+-----+--------+

Top non-repeatable levels by time:
     D:7: 1163 daAuts
     D:4: 1151 daAuts
     D:1: 943 daAuts
     D:3: 798 daAuts
     D:2: 789 daAuts
     D:6: 772 daAuts
     D:8: 675 daAuts
     D:5: 596 daAuts
     D:9: 538 daAuts
   Sewer: 162 daAuts
    D:10: 91 daAuts
